Match 47100798
Unlisted

Match 47100798
End
Selects Italian Combined Arms Battlegroup
Selects Italian Combined Arms Battlegroup
Selects Italian Combined Arms Battlegroup
Selects Italian Combined Arms Battlegroup
Selects Bersaglieri Squad
Kradschützen Motorcycle Team
Bersaglieri Squad
250 Light Carrier
Bersaglieri Squad
Construct Light Support Kompanie
Selects Bersaglieri Bolster
2.5-tonne Medical Truck
Fire Support Elements
Combat Half-tracks
Panzerjäger Mechanized Group
Construct Mechanized Kompanie
Selects Breda Model 30 Light Machine Guns
Selects Breda Model 30 Light Machine Guns
水银灯
SeaNettle
旧时光
HolyMolyEmpire
dl5277
Why So Serious !!!!!!
罗小仙
dad81ace
0
0

Comments sign in to comment!

No comments posted yet!